 Dungeon Crawl Stone Soup version 0.28-a0-384-g9e0c098162 (webtiles) character file.

Game seed: 1916504853829309718

6 desmos the Cudgeller (level 1, -1/20 HPs)
             Began as a Hill Orc Berserker on Sept 3, 2021.
             Was a Follower of Trog.
             Slain by an adder (3 damage)
             ... on level 2 of the Dungeon.
             The game lasted 00:02:38 (430 turns).

desmos the Cudgeller (Hill Orc Berserker)            Turns: 430, Time: 00:02:43

Health: -1/20      AC:  3    Str: 19    XL:     1   Next: 90%
Magic:  1/1        EV: 11    Int:  7    God:    Trog [*.....]
Gold:   23         SH:  0    Dex: 10    Spells: 0/0 levels left

rFire   . . .      SeeInvis .   a - +0 mace
rCold   . . .      Faith    .   (no shield)
rNeg    . . .      Spirit   .   b - +0 animal skin
rPois   .          Reflect  .   (no helmet)
rElec   .          Harm     .   c - +0 cloak {Stlth+}
rCorr   .          Rampage  .   (no gloves)
Will    .....                   (no boots)
Stlth   ++........              (no amulet)
HPRegen 0.06/turn               (no ring)
MPRegen 0.07/turn               (no ring)

@: lethally poisoned (-1 -> -5)
A: no striking features
a: Renounce Religion, Berserk


You were on level 2 of the Dungeon.
You worshipped Trog.
Trog was aware of your devotion.
You visited 1 branch of the dungeon, and saw 2 of its levels.

You collected 23 gold pieces.

Inventory:

Hand Weapons
 a - a +0 mace (weapon)
Armour
 b - a +0 animal skin (worn)
 c - a +0 cloak of stealth (worn)
Scrolls
 d - a scroll of enchant weapon {unknown}
 e - 2 scrolls of blinking {unknown}
 g - a scroll of identify {unknown}
Potions
 f - a potion of lignification {unknown}


   Skills:
 + Level 3.7 Fighting
 * Level 3.7 Maces & Flails
 + Level 2.2 Armour
 - Level 1.5 Dodging


You couldn't memorise any spells.
You didn't know any spells.
Your spell library was empty.

Dungeon Overview and Level Annotations

Branches:
Dungeon (1/15)

Altars:


Message History

Found a robe.
A bat comes into view.
You see here a +0 robe.
A goblin comes into view. It is wielding a +0 dagger.
The helpless goblin fails to defend itself.
You thump the goblin!
You kill the goblin!
Trog accepts your kill.
Found a ring mail.
An adder comes into view.
The adder hisses angrily.
You barely miss the adder. The adder barely misses you. The adder bites you.
You hit the adder.
The adder is severely wounded.
The adder bites you but does no damage.
You miss the adder.
The adder is severely wounded.
The adder bites you. x2
You hit the adder but do no damage.
The adder is severely wounded.
The adder closely misses you.
You miss the adder.
The adder is severely wounded.
The adder bites you. The adder misses you.
You barely miss the adder.
The adder is severely wounded.
The adder bites you.
You miss the adder.
The adder is severely wounded.
The adder bites you.
You are poisoned.
The adder poisons you! The adder bites you.
* * * LOW HITPOINT WARNING * * *
You miss the adder.
The adder is severely wounded.
* * * LOW HITPOINT WARNING * * *
You feel sick. The adder bites you.
* * * LOW HITPOINT WARNING * * *
The adder bites you.
You die...

#.# #.#
#.# #.#
[.. #.#
#S# #@#
#.#
##.##
#..)####
#.#....#
#...##.#
######.#
#.# ##.#


You could see an adder.

Vanquished Creatures
  2 goblins
  2 quokkas (D:1)
  A bat (D:1)
5 creatures vanquished.

Notes
Turn   | Place    | Note
-------+----------+-------------------------------------------
     0 | D:1      | desmos the Hill Orc Berserker began the quest for the Orb.
     0 | D:1      | Reached XP level 1. HP: 19/19 MP: 1/1
   177 | D:1      | Found a faded altar of an unknown god.
   397 | D:1      | You fall into a shaft and drop 1 floor!
   430 | D:2      | Slain by an adder

Illustrated notes

Levels and vault maps discovered:
D:1:      dpeg_arrival_snail, layout_basic,
          dreamdust_ecumenical_altar_angels_and_demons, minmay_statues_item
D:2:      layout_loops_ring

Action                   || total
-------------------------++-------
Melee: Mace              ||    23
 Stab: Sleeping          ||     3
Armor: Animal skin       ||     6
Dodge: Dodged            ||    11

Table legend: (Time is in decaauts)
 A = Elapsed time spent in this place.
 B = Non-inter-level travel time spent in this place.
 C = Inter-level travel time spent in this place.
 D = Time resting spent in this place.
 E = Time spent auto-exploring this place.
 F = Levels seen in this place.
 G = Mean time per level.
                   A        B        C        D        E       F      G
               +--------+--------+--------+--------+--------+-----+--------+
         Total |    434 |    434 |      0 |    133 |    208 |   2 |  217.0 |
       Dungeon |    434 |    434 |      0 |    133 |    208 |   2 |  217.0 |
               +--------+--------+--------+--------+--------+-----+--------+

Top non-repeatable levels by time:
     D:1: 400 daAuts
     D:2: 34 daAuts
